 Dungeon Crawl Stone Soup version 0.30-a0-996-ga6910c8ee8 (webtiles) character file.

Game seed: 2187132393309763466

29 DeathPants the Chopper (level 3, -3/18 HPs)
             Began as a Vine Stalker Gladiator on Apr 4, 2023.
             Slain by a gnoll
             ... wielding a +0 club
              (4 damage)
             ... on level 1 of the Dungeon.
             The game lasted 00:02:34 (585 turns).

DeathPants the Chopper (Vine Stalker Gladiator)      Turns: 585, Time: 00:02:34

Health: -3/18      AC:  4    Str: 18    XL:     3   Next: 16%
Magic:  0/4        EV: 12    Int:  8    God:
Gold:   54         SH:  0    Dex: 15    Spells: 2/2 levels left

rFire   . . .      SeeInvis .    a - +0 war axe
rCold   . . .      Faith    .    (no shield)
rNeg    . . .      Spirit   +    b - +0 leather armour
rPois   .          Reflect  .    c - +0 helmet
rElec   .          Rampage  .    (no cloak)
rCorr   .                        (no gloves)
Will    .....                    (no boots)
Stlth   +                        (no amulet)
HPRegen 0.23/turn                (no ring)
MPRegen 0.09/turn                (no ring)

@: brilliant, flying
A: fangs 2, magic shield, antimagic bite, no potion heal 2
a: no special abilities


You were on level 1 of the Dungeon.
You visited 1 branch of the dungeon, and saw 2 of its levels.

You collected 54 gold pieces.

Inventory:

Hand Weapons
 a - a +0 war axe (weapon)
Missiles
 d - 3 throwing nets (quivered)
 e - a javelin
 f - 4 silver boomerangs
Armour
 b - a +0 leather armour (worn)
 c - a +0 helmet (worn)
Scrolls
 g - a scroll of amnesia {unknown}
Potions
 i - a potion of flight


   Skills:
 + Level 2.3 Fighting
 * Level 3.5 Axes
 - Level 1.7 Throwing
 - Level 2.4 Dodging
 + Level 0.0 Spellcasting


You had 2 spell levels left.
You didn't know any spells.
Your spell library contained the following spells:

 Spells                   Type           Power      Damage    Failure   Level
 Slow                     Hex            0%         N/A       45%         1
 Cigotuvi's Dreadful Rot  Necr/Pois/Air  0%         N/A       61%         2
 Poisonous Vapours        Pois/Air       0%         N/A       61%         2
 Confusing Touch          Hex            0%         N/A       83%         3
 Mephitic Cloud           Conj/Pois/Air  0%         N/A       83%         3
 Vampiric Draining        Necr           0%         2d6       83%         3
 Vhi's Electric Charge    Tloc/Air       0%         N/A       83%         3
 Arcjolt                  Conj/Air       0%         1d10      100%        5
 Maxwell's Capacitive Co  Air            0%         ∞         100%        8


Dungeon Overview and Level Annotations

Branches:
Dungeon (2/15)

Altars:


Innate Abilities, Weirdness & Mutations

You have extremely sharp teeth.
When hurt, damage is shared between your health and your magic reserves.
Your bite disrupts and absorbs the magic of your enemies.
Potions cannot restore your health.


Message History

You barely miss the jackal. Your bite misses the jackal.
You closely miss the jackal. x2; The jackal bites you.
The jackal bites you but does no damage.
The jackal closely misses you. The jackal bites you.
The jackal barely misses you. The jackal closely misses you.
You miss the jackal. You closely miss the jackal. You slash the jackal!
You kill the jackal!
The jackal barely misses you.
The jackal bites you but does no damage.
The jackal bites you.
You hit the jackal. Your bite misses the jackal.
The jackal is lightly wounded.
You hit the jackal. You barely miss the gnoll. The jackal misses you.
The jackal bites you but does no damage.
The jackal closely misses you. The gnoll hits you with a +0 club.
The jackal bites you but does no damage.
You barely miss the gnoll. You barely miss the jackal. You hit the jackal.
You kill the jackal!
The jackal closely misses you. The gnoll hits you with a +0 club.
The jackal closely misses you. The gnoll hits you with a +0 club.
The jackal bites you.
* * * LOW HITPOINT WARNING * * *
The jackal misses you. The jackal attacks as you move away!
The jackal bites you.
* * * LOW HITPOINT WARNING * * *
The gnoll attacks as you move away! The gnoll hits you with a +0 club.
* * * LOW HITPOINT WARNING * * *
The jackal closely misses you.
It was a potion of flight.
You feel very buoyant.
You fly up into the air.
The jackal barely misses you. The gnoll closely misses you.
It was a potion of curing.
That felt strangely inert.
The jackal closely misses you. The gnoll hits you with a +0 club.
* * * LOW HITPOINT WARNING * * *
It was a potion of brilliance.
You feel clever all of a sudden. The jackal barely misses you.
The jackal closely misses you. The gnoll hits you with a +0 club.
You die...

..................##
[..................
..........##..†...
#.................
##'##########.##...
#..†.....[....##...
#.............##...
#gh...........#####
#.@...(.......#
#####.>...>########
#......#...#
#.####.#.#.######
#.####.#........#
#.#....#.##.###.#
#.#....#....###.####
#.#....###.....)...#
#.#................#


You could see a gnoll and a jackal.

Vanquished Creatures
  4 ball pythons (D:1)
  4 goblins
  A hobgoblin (D:1)
  6 jackals (D:1)
  A quokka (D:1)
  4 bats (D:1)
  2 kobolds
  3 rats (D:1)
25 creatures vanquished.

Notes
Turn   | Place    | Note
-------+----------+-------------------------------------------
     0 | D:1      | DeathPants the Vine Stalker Gladiator began the quest for
                  | the Orb.
     0 | D:1      | Reached XP level 1. HP: 11/11 MP: 2/2
    86 | D:1      | Reached skill level 3 in Axes
   105 | D:1      | Reached XP level 2. HP: 12/15 MP: 3/3
   370 | D:1      | Reached XP level 3. HP: 17/18 MP: 4/4
   585 | D:1      | Slain by a gnoll

Illustrated notes

Levels and vault maps discovered:
D:1:      scummos_arrival_simple_crosswalls, layout_basic, minmay_pentomino_z4
D:2:      layout_basic, basic_altar

Skill      XL: |  1 |
---------------+----+-----
Fighting       | 2 |  2.3
Axes           | 3 |  3.5
Throwing       | |  1.7
Dodging        | |  2.4

Action                     || total
---------------------------++-------
  Melee: War axe           ||    52
         Bite              ||     7
    Use: Potion            ||     3
 Armour: Leather armour    ||    23
  Dodge: Dodged            ||    62

Table legend: (Time is in decaauts)
 A = Elapsed time spent in this place.
 B = Non-inter-level travel time spent in this place.
 C = Inter-level travel time spent in this place.
 D = Time resting spent in this place.
 E = Time spent auto-exploring this place.
 F = Levels seen in this place.
 G = Mean time per level.
                   A        B        C        D        E       F      G
               +--------+--------+--------+--------+--------+-----+--------+
         Total |    603 |    603 |      0 |     26 |    352 |   2 |  301.5 |
       Dungeon |    603 |    603 |      0 |     26 |    352 |   2 |  301.5 |
               +--------+--------+--------+--------+--------+-----+--------+

Top non-repeatable levels by time:
     D:1: 588 daAuts
     D:2: 15 daAuts
